 Dungeon Crawl Stone Soup version 0.32-a0-841-g4648e6c457 (webtiles) character file.

Game seed: 10854941455985169275

14674 epen the Markskobold (level 12, 0/76 HPs)
             Began as a Kobold Hunter on Mar 26, 2024.
             Was a Believer of Dithmenos.
             Slain by a culicivora (8 damage)
             ... on level 2 of the Lair of Beasts.
             The game lasted 00:13:44 (9579 turns).

epen the Markskobold (Kobold Hunter)                Turns: 9579, Time: 00:13:45

Health: 0/76       AC: 13    Str:  8    XL:     12   Next: 48%
Magic:  16/16      EV: 21    Int: 12    God:    Dithmenos [**....]
Gold:   781        SH:  0    Dex: 22    Spells: 11/11 levels left

rFire   . . .        a - +1 shortbow (freeze)
rCold   . . .        (shield currently unavailable)
rNeg    . . .        R - +0 troll leather armour
rPois   +            q - +1 helmet
rElec   .            y - +1 cloak
rCorr   .            T - +0 pair of gloves
SInv    .            M - +0 pair of boots
Will    .....        j - amulet of regeneration
Stlth   ++++++++     g - +4 ring of protection
HPRegen 1.92/turn    p - ring of poison resistance
MPRegen 0.15/turn

%: no passive effects
@: wreathed by umbra
A: small, no large weapons, nightstalker 3
a: Renounce Religion, Shadow Step


You were on level 2 of the Lair of Beasts.
You worshipped Dithmenos.
Dithmenos was pleased with you.
You visited 3 branches of the dungeon, and saw 14 of its levels.

You collected 781 gold pieces.

Inventory:

Hand Weapons
 a - a +1 shortbow of freezing (weapon)
 K - the +2 dagger "Arcanum" {freeze, +Blink rC+ Str-3 Dex+3}
   (You found it on level 7 of the Dungeon)

   Str-3:     It affects your strength (-3).
   Dex+3:     It affects your dexterity (+3).
   rC+:       It protects you from cold.
   +Blink:    It lets you blink.
Missiles
 f - a throwing net
 t - 10 curare-tipped darts
 u - 16 poisoned darts
Armour
 c - a +0 leather armour
 n - a +0 buckler
 q - a +1 helmet (worn)
 y - a +1 cloak (worn)
 A - a +0 cloak
 D - a scarf of harm
 M - a +0 pair of boots (worn)
 R - a +0 troll leather armour (worn)
 T - a +0 pair of gloves (worn)
Jewellery
 d - an amulet of magic regeneration
 g - a +4 ring of protection (left hand)
 j - an amulet of regeneration (around neck)
 k - a ring of positive energy
 p - a ring of poison resistance (right hand)
 F - an amulet of reflection
 U - a +4 ring of protection
Wands
 m - a wand of iceblast (32)
 E - a wand of digging (11)
 G - a wand of polymorph (6)
 I - a wand of paralysis (16)
 V - a wand of acid (4)
Scrolls
 b - a scroll of butterflies
 e - 3 scrolls of brand weapon
 h - a scroll of revelation
 x - a scroll of fog
 C - 2 scrolls of teleportation
 H - 2 scrolls of vulnerability
 L - 2 scrolls of blinking
 N - a scroll of immolation
 O - a scroll of enchant armour
 P - a scroll of enchant weapon
 S - 2 scrolls of identify
Potions
 i - a potion of enlightenment {unknown}
 l - 3 potions of haste {unknown}
 o - a potion of lignification {unknown}
 r - 5 potions of curing
 s - a potion of cancellation {unknown}
 v - a potion of invisibility {unknown}
 w - 3 potions of heal wounds
 z - 4 potions of brilliance
 B - a potion of degeneration {unknown}
 J - a potion of ambrosia {unknown}
 Q - a potion of resistance {unknown}
 W - a potion of might {unknown}


   Skills:
 + Level 9.5 Fighting
 * Level 16.0 Ranged Weapons
 + Level 10.3 Dodging
 + Level 11.7 Stealth
 + Level 6.2 Invocations


You had 11 spell levels left.
You didn't know any spells.
Your spell library contained the following spells:

 Spells                   Type           Power      Damage    Failure   Level
 Magic Dart               Conj           0%         1d3       43%         1
 Shock                    Conj/Air       0%         1d3       43%         1
 Blink                    Tloc           0%         N/A       58%         2
 Call Imp                 Summ           0%         N/A       58%         2
 Static Discharge         Conj/Air       0%         3-3/arc   58%         2
 Fugue of the Fallen      Necr           0%         N/A       82%         3
 Ozocubu's Armour         Ice            0%         N/A       82%         3
 Summon Ice Beast         Ice/Summ       0%         N/A       82%         3
 Swiftness                Air            0%         N/A       82%         3
 Airstrike                Air            0%         2d(0-16)  99%         4
 Animate Armour           Summ/Erth      0%         N/A       99%         4
 Manifold Assault         Tloc           0%         N/A       99%         4
 Summon Blazeheart Golem  Fire/Summ      0%         N/A       99%         4
 Summon Lightning Spire   Summ/Air       0%         N/A       99%         4
 Lee's Rapid Deconstruct  Erth           0%         3d4*      100%        5
 Summon Mana Viper        Hex/Summ       0%         N/A       100%        5
 Monstrous Menagerie      Summ           0%         N/A       100%        7
 Orb of Destruction       Conj           0%         9d5       100%        7
 Spellforged Servitor     Conj/Summ      0%         N/A       100%        7


Dungeon Overview and Level Annotations

Branches:
Dungeon (11/15)            Temple (1/1) D:7            Lair (2/5) D:10
 Spider (0/4) Lair:2
  Swamp: Lair:2-3    Shoals: Lair:2-3       Orc: D:9-12

Altars:
Ashenzari
Cheibriados
Dithmenos
Elyvilon
Fedhas
Gozag
Hepliaklqana
Kikubaaqudgha
Nemelex Xobeh
Okawaru
Qazlal
Ru
Sif Muna
Trog
Uskayaw
Vehumet
Xom
Yredelemnul
Zin
The Shining One

Shops:
D:5 *   D:9 *

Annotations:
D:4 1 runed translucent door, epen's ghost, amateur NaSh


Innate Abilities, Weirdness & Mutations

You are small and have problems with some larger weapons.
You are completely attuned to the shadows.


Message History

The culicivora draws strength from your injuries!
The culicivora closely misses you.
You shoot an arrow. The arrow misses the culicivora.
The culicivora closely misses you. The culicivora completely misses you.
The culicivora bites you!!
The culicivora draws strength from your injuries!
You shoot an arrow. The arrow misses the culicivora.
The culicivora bites you!!
The culicivora draws strength from your injuries!
The culicivora bites you.
* * * LOW HITPOINT WARNING * * *
The culicivora draws strength from your injuries!
You are too injured to fight recklessly!
You are too injured to fight recklessly!
You are too injured to fight recklessly!
You are too injured to fight recklessly!
You are too injured to fight recklessly!
You are too injured to fight recklessly!
You are too injured to fight recklessly!
You are too injured to fight recklessly!
You are too injured to fight recklessly!
You are too injured to fight recklessly!
You are too injured to fight recklessly!
You are too injured to fight recklessly!
You are too injured to fight recklessly!
You are too injured to fight recklessly!
You are too injured to fight recklessly!
You are too injured to fight recklessly!
You are too injured to fight recklessly!
You feel much better. The culicivora bites you!
The culicivora draws strength from your injuries!
The culicivora bites you!
* * * LOW HITPOINT WARNING * * *
The culicivora draws strength from your injuries!
The culicivora closely misses you.
The culicivora attacks as it pursues you!
The culicivora bites you!
* * * LOW HITPOINT WARNING * * *
The culicivora draws strength from your injuries!
The culicivora bites you!
You die...

..###...P. P.....+.....##
#+#P#...... ####....#......#
..#.....##. ##>###...##......
#.#.#...######...###...#####..
..........##.†...†## ..
..........###......# ...
........##.###...####. ...
......###†..##...##..† ...
.....###..†.#†..@ss... ...
#.PP###†...#.#.#.#.... ...
#.### ##..^...#....... ... .##
##...##.#..#... ... ..# ##.#
##.#####. ... ..# ## .. ...
..## ... .... .. †..# ..


You could see 2 culicivoras.

Vanquished Creatures
  3 two-headed ogres
  Pikel (D:4)
  A black mamba (Lair:1)
  Maggie (D:6)
  6 cane toads
  5 komodo dragons
  A troll (D:9)
  A polar bear (Lair:1)
  Grinder (D:4)
  A hornet (D:10)
  9 blink frogs (Lair:1)
  3 culicivoras (Lair:2)
  Eustachio (D:6)
  4 humans (D:8)
  3 basilisks
  2 steam dragons
  4 vampire mosquitoes (D:10)
  Menkaure (D:4)
  7 water moccasins
  Edmund (D:6)
  2 orc warriors (D:10)
  A black bear (Lair:1)
  A sky beast (D:7)
  3 ogres
  2 laughing skulls (D:9)
  7 wolves
  2 centaurs (D:9)
  A kobold brigand (D:5)
  4 lemures (D:4)
  7 bullfrogs
  A scorpion (D:4)
  7 killer bees
  3 bombardier beetles (D:5)
  A jelly (D:8)
  2 gnoll boudas
  5 hounds
  An orc priest (D:7)
  Crazy Yiuf (D:4)
  A sleepcap (D:6)
  3 iguanas (D:4)
  2 orc wizards
  11 gnolls
  6 adders
  A white imp (D:8)
  5 dart slugs
  A ribbon worm (D:3)
  23 orcs
  6 ball pythons
  5 bats
  9 endoplasms
  4 goblins
  4 hobgoblins
  18 kobolds
  4 quokkas
  A frilled lizard (D:1)
  3 rats
214 creatures vanquished.

Notes
Turn   | Place    | Note
-------+----------+-------------------------------------------
     0 | D:1      | epen the Kobold Hunter began the quest for the Orb.
     0 | D:1      | Reached XP level 1. HP: 12/12 MP: 1/1
    66 | D:1      | Reached XP level 2. HP: 18/18 MP: 2/2
   315 | D:1      | Reached XP level 3. HP: 22/22 MP: 3/3
   500 | D:2      | Reached skill level 6 in Ranged Weapons
   652 | D:2      | Reached XP level 4. HP: 25/27 MP: 4/4
  1025 | D:2      | Found a faded altar of an unknown god.
  1204 | D:2      | Reached XP level 5. HP: 32/32 MP: 5/5
  2068 | D:4      | Noticed Menkaure
  2073 | D:4      | Reached skill level 7 in Ranged Weapons
  2073 | D:4      | Reached XP level 6. HP: 32/37 MP: 6/6
  2074 | D:4      | Killed Menkaure
  2088 | D:4      | Noticed Grinder
  2220 | D:4      | Paralysed by Grinder for 3 turns
  2234 | D:4      | Killed Grinder
  2235 | D:4      | Reached skill level 8 in Ranged Weapons
  2235 | D:4      | Reached XP level 7. HP: 34/43 MP: 7/7
  2653 | D:4      | Reached skill level 5 in Stealth
  2653 | D:4      | Noticed Pikel
  2690 | D:4      | Killed Pikel
  2691 | D:4      | Reached skill level 5 in Fighting
  2691 | D:4      | Reached skill level 9 in Ranged Weapons
  2691 | D:4      | Reached skill level 5 in Dodging
  2691 | D:4      | Reached XP level 8. HP: 18/49 MP: 8/8
  2865 | D:4      | Found a runed translucent door.
  2869 | D:4      | Noticed epen's ghost (amateur NaSh)
  2993 | D:4      | Found a runed translucent door.
  2996 | D:4      | Noticed Crazy Yiuf
  3000 | D:4      | Killed Crazy Yiuf
  3103 | D:5      | Entered Level 5 of the Dungeon
  3198 | D:5      | Found Coduisi's Overcharged Wands.
  3259 | D:5      | Reached skill level 10 in Ranged Weapons
  3327 | D:5      | Reached XP level 9. HP: 54/54 MP: 9/9
  4022 | D:6      | Noticed Eustachio
  4031 | D:6      | Killed Eustachio
  4054 | D:6      | Noticed Edmund
  4074 | D:6      | Killed Edmund
  4217 | D:6      | Reached skill level 11 in Ranged Weapons
  4268 | D:6      | Noticed Maggie
  4280 | D:6      | Killed Maggie
  4349 | D:6      | Found a hide-covered altar of Uskayaw.
  4451 | D:6      | You fall into a shaft and drop 2 floors!
  4718 | D:7      | Identified the +2 dagger "Arcanum" {freeze, +Blink rC+
                  | Str-3 Dex+3}
  4744 | D:7      | Found a stormy altar of Qazlal.
  5018 | D:7      | Found a shimmering blue altar of Sif Muna.
  5044 | D:7      | Found a glowing golden altar of the Shining One.
  5204 | D:7      | Found a staircase to the Ecumenical Temple.
  5210 | Temple   | Entered the Ecumenical Temple
  5218 | Temple   | Became a worshipper of Dithmenos the Shadowed
  5613 | D:8      | Noticed a two-headed ogre
  5622 | D:8      | Killed a two-headed ogre
  5623 | D:8      | Reached skill level 12 in Ranged Weapons
  5623 | D:8      | Reached skill level 1 in Invocations
  5623 | D:8      | Reached XP level 10. HP: 35/63 MP: 9/11
  6391 | D:9      | Noticed a two-headed ogre
  6424 | D:9      | Reached skill level 13 in Ranged Weapons
  6805 | D:9      | Found Gear's General Store.
  7243 | D:9      | Found an ancient bone altar of Kikubaaqudgha.
  7243 | D:9      | Found a radiant altar of Vehumet.
  7302 | D:10     | Entered Level 10 of the Dungeon
  7314 | D:10     | Found a staircase to the Lair.
  7499 | D:10     | Reached * piety under Dithmenos
  7510 | D:10     | Reached XP level 11. HP: 68/68 MP: 13/13
  7650 | D:10     | Noticed a two-headed ogre
  7658 | D:10     | Killed a two-headed ogre
  7659 | D:10     | Reached skill level 14 in Ranged Weapons
  7659 | D:10     | Reached skill level 10 in Stealth
  8053 | D:11     | Noticed a two-headed ogre
  8061 | D:11     | Noticed a boulder beetle
  8068 | D:10     | Killed a two-headed ogre
  8132 | Lair:1   | Entered Level 1 of the Lair of Beasts
  8502 | Lair:1   | Reached skill level 5 in Invocations
  8575 | Lair:1   | Reached skill level 15 in Ranged Weapons
  8655 | Lair:1   | Reached XP level 12. HP: 75/75 MP: 16/16
  9189 | Lair:2   | Reached skill level 10 in Dodging
  9219 | Lair:2   | Reached ** piety under Dithmenos
  9375 | Lair:2   | Found a glowing golden altar of the Shining One.
  9521 | Lair:2   | Reached skill level 16 in Ranged Weapons
  9566 | Lair:2   | Found a hole to the Spider Nest.
  9579 | Lair:2   | Slain by a culicivora

Illustrated notes

Levels and vault maps discovered:
D:1:      erik_arrival_blinker_ship, layout_basic
D:2:      layout_basic, hellmonk_ecumenical_altar_pennies_from_heaven,
          minmay_misc_feat_ornament, minmay_misc_feat_x,
          chequers_serial_rivers_micro_a, minmay_misc_feat_plants
D:3:      layout_rooms
D:4:      layout_loops_cross, ebering_ghost_inner_flame, uniq_grinder,
          uniq_crazy_yiuf_cottage, uniq_pikel, uniq_menkaure
D:5:      layout_loops_ring, minmay_strange_pillars, corner_web_ring,
          nicolae_shop_overcharged_wands
D:6:      layout_basic, mainiacjoe_overflow_catwalk, uniq_edmund,
          uniq_eustachio, uniq_maggie
D:7:      layout_loops_ring, nicolae_tso_carved_into_rock,
          mainiacjoe_overflow_alcove_2, nicolae_overflow_hidden_temple,
          minmay_temple_entry_statues_fountains, chequers_serial_rivers_large_b,
          st_stairs_8, minivault_4, minmay_holes, kennysheep_generic_room_14
D:8:      layout_loops_ring, minmay_ruffians
D:9:      layout_irregular_city, gammafunk_temple_overflow_elements,
          serial_shops, shop
D:10:     layout_roguey, lair_entry_dummy
D:11:     layout_cave_pools, david_orc_4
Temple:   nicolae_temple_great_sept
Lair:1:   layout_long_grid, serial_forest, infiniplex_forest_side_room,
          infiniplex_forest_straight_4, infiniplex_forest_lined_3,
          infiniplex_forest_clump_long, infiniplex_forest_lined_2,
          grunt_forest_stairs_basic, grunt_megastairs_5, lemuel_fruit_fields,
          lemuel_fruit_fields
Lair:2:   layout_regular_city, mainiacjoe_shoals_entry_four_pools,
          hellmonk_spider_entry_life_and_decay, basic_altar,
          beast_lair_carwin_1, grunt_megastairs_1

Skill      XL: |  1  2  3  4  5  6  7  8  9 10 11 12 |
---------------+-------------------------------------+-----
Stealth        | 2 3 4 6 8 9 11 | 11.7
Ranged Weapons | 6 7 8 9 10 12 13 15 16 | 16.0
Dodging        | 3 4 5 6 7 8 9 10 | 10.3
Fighting       | 3 4 5 7 8 9 |  9.5
Invocations    | 1 3 5 6 |  6.2

Action                     |  1- 3 |  4- 6 |  7- 9 | 10-12 || total
---------------------------+-------+-------+-------+-------++-------
  Melee: Dagger            |       |       |    13 |       ||    13
   Fire: Shortbow          |    74 |   132 |   312 |   644 ||  1162
  Throw: Dart              |       |    11 |       |       ||    11
         Throwing net      |       |     3 |       |       ||     3
  Evoke: Wand              |       |       |       |     1 ||     1
    Use: Scroll            |       |     9 |     3 |     5 ||    17
         Potion            |       |       |       |     2 ||     2
 Armour: Leather armour    |    13 |    41 |    73 |    86 ||   213
         Troll leather arm |       |       |       |   103 ||   103
  Dodge: Dodged            |    15 |    73 |   119 |   446 ||   653

Table legend: (Time is in decaauts)
 A = Elapsed time spent in this place.
 B = Non-inter-level travel time spent in this place.
 C = Inter-level travel time spent in this place.
 D = Time resting spent in this place.
 E = Time spent auto-exploring this place.
 F = Levels seen in this place.
 G = Mean time per level.
                   A        B        C        D        E       F      G
               +--------+--------+--------+--------+--------+-----+--------+
         Total |   9510 |   9180 |    330 |    158 |   7316 |  14 |  679.3 |
       Dungeon |   8139 |   7837 |    302 |    158 |   6348 |  11 |  739.9 |
        Temple |     16 |      9 |      7 |      0 |      0 |   1 |   16.0 |
          Lair |   1354 |   1333 |     21 |      0 |    968 |   2 |  677.0 |
               +--------+--------+--------+--------+--------+-----+--------+

Top non-repeatable levels by time:
     D:2: 1077 daAuts
     D:4: 1049 daAuts
     D:7: 993 daAuts
     D:9: 966 daAuts
  Lair:1: 937 daAuts
     D:5: 904 daAuts
     D:8: 880 daAuts
    D:10: 799 daAuts
     D:3: 548 daAuts
     D:1: 461 daAuts
     D:6: 449 daAuts
  Lair:2: 416 daAuts
  Temple: 16 daAuts
    D:11: 10 daAuts
